 Dungeon Crawl Stone Soup version 0.02-213-g07563d0 (webtiles) character file.

Game seed: 12274085972014529793, levelgen mode: deterministic

1391 Kalegnar the Thaumaturge (level 8, 0/5 HPs) Fairy Air Elementalist. Began on Nov 22, 2020. Killed by their own static electricity (1 damage) ... on level 3 of the Dungeon. The game lasted 00:16:03 (1950 turns).

Kalegnar the Thaumaturge (Fairy Air Elementalist)   Turns: 1950, Time: 00:16:03

Health: 0/5        AC:  0    Str:  2    XL:     8 ^: 810
Magic:  2/4        EV: 27    Int: 20    God:
Gold:   154        SH:  0    Dex: 18    Spells: 8/23 levels left

rFire    . . .     Vision   .   f - ring of wizardry (curse) {(Curse: *Slow)}
rCold    . . .     Gourm    .
rNeg     . . .     Faith    .
rPois    .         Spirit   .
rElec    .         Reflect  .
rCorr    .         Harm     .
MR       +....
Stlth    +.........
HPRegen  0.11/turn
MPRegen  0.14/turn

@: lethally poisoned (0 -> 0), flying, glowing, slow
A: tiny, no armour or weapons, only one jewelry slot, no melee attacks, fairy
magic, fairy shield, fairy light, decreased potion and divine healing, slowness
1, able to fly, insubstantial
a: Stop Flying


You were on level 3 of the Dungeon.
You were not hungry.

You visited 1 branch of the dungeon, and saw 3 of its levels.

You collected 154 gold pieces.

Inventory:

Jewellery
 f - a cursed ring of wizardry (around core) {(Curse: *Slow)}
 j - an uncursed ring of evasion
Scrolls
 a - 2 scrolls of magic mapping
 c - a scroll of amnesia
 g - a scroll of fear
Potions
 d - a potion of agility
 e - a potion of haste
 h - a potion of curing
Comestibles
 b - 7 rations
 i - 6 chunks of flesh


   Skills:
 + Level 4.4 Dodging
 - Level 1.4 Stealth
 + Level 8.1 Spellcasting
 + Level 7.7 Air Magic


You had 8 spell levels left.
You knew the following spells:

 Your Spells              Type           Power        Failure   Level  Hunger
a - Shock                 Air            25 (25)      1%          1    None
b - Swiftness             Chrm/Air       23 (100)     1%          2    None
c - Static Discharge      Air            39 (100)     1%          3    None
d - Airstrike             Air            39 (200)     1%          4    ###....
e - Lightning Bolt        Air            39 (200)     4%          5    #####..

Your spell library contained the following spells:

 Spells                   Type           Power        Failure   Level  Hunger


Dungeon Overview and Level Annotations

Branches:
Dungeon (3/8)

Altars:

Annotations:
D:3 Edmund


Innate Abilities, Weirdness & Mutations

You are too small to use any gear.
You can wear a single ring or amulet completely around your body.
You are incapable of melee of any kind.
Your magic reserves are extremely low but spells that normally cost one mana are free and all other spells cost one mana.
You are extremely frail but all attacks that strike you do exactly one damage.
You exude a bright light in a small radius around yourself.
The effect of potions and godly healing effects is reduced to match your tiny health and magic reserves.
You cover ground slowly.
You can fly continuously.
Your insubstantial form boosts your evasion and grants immunity to sticky flames, nets and constriction.


Message History

You are poisoned.
Casting: Shock (safe; 1% risk of failure)
Confirm with . or Enter, or press ? or * to list all spells.
The gnoll is struck by an arc of lightning (11)!
The gnoll is severely wounded. (3/14) HP You feel sick. (1)
The worker ant misses you (0). Edmund misses you (0).
The gnoll hits you with a +0 flail (3).
* * * LOW HITPOINT WARNING * * *
Casting: Static Discharge (safe; 1% risk of failure)
Confirm with . or Enter, or press ? or * to list all spells.
The gnoll is struck by an arc of lightning (9)!
You kill the gnoll!
The lightning grounds out.
Edmund is struck by an arc of lightning (7)!
Edmund is moderately wounded. (27/44) HP The worker ant is struck by an arc of lightning (3).
The worker ant is moderately wounded. (11/17) HP You are struck by an arc of electricity (1).
You die...

.....# #..###
...... #....###
... ##......### ..
.#######...#.....#
...
..........########
... ...........###
...
#######......####
... #.........# ..
#....@...## ..
#...)@a.## ..
#....)..# ..
#.......# ..
#....)... ..
#....†.##.. ..
#...g.... ##. ..
......... .#


You could see Edmund, a worker ant and a gnoll.

Vanquished Creatures
  Sigmund (D:2)
  3 ogres (D:3)
  A crocodile (D:2)
  3 big kobolds (D:2)
  5 jellies (D:2)
  Terence (D:2)
  An iguana (D:3)
  A worker ant (D:3)
  A wyvern skeleton (D:3)
  5 giant cockroaches
  A shadow imp (D:3)
  2 adders (D:2)
  10 gnolls (D:3)
  17 sewer rats
  5 cinder newts
  2 worms (D:2)
  4 oozes
  A dart slug (D:1)
  5 leopard geckos
  3 orcs (D:3)
  3 goblins (D:1)
  5 hobgoblins (D:1)
  13 kobolds
  4 ball pythons
  8 bats
  2 bat skeletons (D:2)
  A goblin skeleton (D:2)
  2 kobold skeletons (D:2)
  6 rats (D:1)
  A rat skeleton (D:2)
  8 withered plants (D:2)
125 creatures vanquished.

Vanquished Creatures (others)
  93 withered plants (D:2)
93 creatures vanquished.

Grand Total: 218 creatures vanquished

Notes
Turn   | Place    | Note
-------+----------+-------------------------------------------
     0 | D:1      | Kalegnar the Fairy Air Elementalist began the quest for the
                  | Orb.
     0 | D:1      | Reached XP level 1. HP: 3/3 MP: 3/3
    24 | D:1      | Reached XP level 2. HP: 3/3 MP: 3/3
    31 | D:1      | Learned a level 2 spell: Swiftness
   143 | D:1      | Reached skill level 3 in Spellcasting
   161 | D:1      | Reached XP level 3. HP: 4/4 MP: 3/3
   201 | D:1      | Learned a level 3 spell: Static Discharge
   268 | D:1      | Reached XP level 4. HP: 4/4 MP: 3/3
   274 | D:1      | Learned a level 4 spell: Airstrike
   451 | D:1      | Reached skill level 4 in Spellcasting
   496 | D:2      | Reached XP level 5. HP: 4/4 MP: 3/3
   589 | D:2      | Reached XP level 6. HP: 5/5 MP: 2/3
   591 | D:2      | Reached skill level 5 in Spellcasting
   594 | D:2      | Reached skill level 5 in Air Magic
   601 | D:2      | Learned a level 5 spell: Lightning Bolt
  1058 | D:2      | Reached skill level 6 in Spellcasting
  1058 | D:2      | Reached XP level 7. HP: 5/5 MP: 2/3
  1083 | D:2      | Noticed Terence
  1093 | D:2      | Killed Terence
  1367 | D:2      | Noticed Sigmund
  1373 | D:2      | Killed Sigmund
  1373 | D:2      | Reached skill level 7 in Spellcasting
  1686 | D:3      | Reached XP level 8. HP: 5/5 MP: 2/3
  1815 | D:3      | Reached skill level 8 in Spellcasting
  1941 | D:3      | Noticed Edmund
  1950 | D:3      | Killed from afar by themself

Levels and vault maps discovered:
D:1:      nicolae_arrival_memento_mori, layout_rooms, kennysheep_generic_room_7
D:2:      layout_sewer, minivault_11, uniq_terence, uniq_sigmund
D:3:      layout_layer_cave, led_sif_pool, first_ration, uniq_edmund

Skill      XL: |  1  2  3  4  5  6  7  8 |
---------------+-------------------------+-----
Dodging        | 3 4 |  4.4
Spellcasting   | 3 4 6 7 8 |  8.1
Air Magic      | 4 5 7 |  7.7
Stealth        | |  1.4

Action                   |  1- 3 |  4- 6 |  7- 9 || total
-------------------------+-------+-------+-------++-------
 Cast: Shock             |    64 |   102 |   119 ||   285
       Static Discharge  |       |     4 |     1 ||     5
       Airstrike         |       |     6 |     7 ||    13
 Abil: Fly               |     1 |       |       ||     1
  Eat: Chunk             |       |     2 |     4 ||     6
Dodge: Dodged            |    10 |    31 |    15 ||    56
